[Event "2nd Serbia Open Masters 2022"]
[Site "Novi Sad"]
[Date "2022.06.30"]
[Round "3.17"]
[White "Predke, Alexandr"]
[Black "Srihari L R"]
[Result "1-0"]
[ECO "E11"]
[WhiteElo "2688"]
[BlackElo "2404"]
[Annotator "TA"]
[PlyCount "118"]
[EventDate "2022.06.28"]
[EventType "swiss"]
[EventCountry "SRB"]
[SourceTitle "playchess.com"]
[Source "ChessBase"]
[SourceQuality "1"]
[TimeControl "40/5400+30:900+30"]

1. d4 Nf6 2. Nf3 e6 3. c4 Bb4+ 4. Bd2 Qe7 5. g3 Nc6 6. Bg2 Bxd2+ 7. Nbxd2 d6 8. O-O O-O 9. e4 e5 10. d5 Nb8 11. b4 a5 12. a3 b6 {[%emt 0:18:20] E11: Bogo-Indian.} 13. Qc2 Nbd7 14. Nb3 axb4 {[%emt 0:02:40] White is slightly better.} 15. axb4 Bb7 16. Nfd2 c5 {[%emt 0:17:58] [#]} 17. dxc6 $146 ({Predecessor:} 17. bxc5 Nxc5 18. Nxc5 bxc5 19. Rab1 Rfb8 20. Rb3 Bc8 21. Rfb1 Qc7 22. Qb2 Rxb3 23. Qxb3 {1-0 (34) Grapsa,G (2101)-Koumanis,G Nikaia 2002}) 17... Bxc6 18. Qd3 Rxa1 19. Rxa1 Ra8 20. Rxa8+ Bxa8 21. Nb1 d5 22. cxd5 Qxb4 23. Qc3 Qxc3 24. Nxc3 Bb7 25. Bf1 Kf8 26. f3 Ne8 $1 27. Bb5 Bc8 {[%emt 0:00:02] [#]} (27... Nb8 $11) 28. Na4 $1 $16 Ke7 29. Bxd7 Bxd7 30. Nxb6 {[%emt 0:00:06][%mdl 4096] Endgame KBN-KNN} Bb5 31. Nc8+ Kd8 32. Na7 Bd7 33. Nc5 f5 34. Kf2 {[%emt 0:04:25] White is more active.} Nf6 35. Ke2 g6 36. Kd3 fxe4+ 37. fxe4 Ng4 38. h4 (38. h3 $18 Nf2+ 39. Ke3 Nd1+ 40. Ke2) 38... Kc7 39. Nxd7 Kxd7 {[%emt 0:00:01] KN-KN} 40. Nb5 h6 41. Ke2 h5 42. Nc3 Kd6 43. Nd1 Kc5 44. Ne3 {[%emt 0:13:02] aiming for Nxg4.} Nf6 45. Kd3 Kb5 46. Nc4 Nd7 {[%emt 0:01:05][%mdl 8192] [#] Loses the game.} (46... Ng4 $16 47. Nd6+ Kb6) 47. Nd6+ $1 $18 Kb4 48. Nf7 Kc5 49. Ke3 Kb6 50. Nh8 Nf8 51. Kf3 Kc5 52. g4 {[%emt 0:00:00][%cal Oh8g6] Strongly threatening Nxg6!} hxg4+ 53. Kxg4 Kd4 {[%emt 0:00:04] [#]} 54. Nxg6 $1 Nxg6 {[%emt 0:00:24] KN-K3P} 55. h5 Nh8 56. Kf5 Nf7 57. Kg6 Nd6 58. h6 Kxe4 59. h7 Kxd5 {[%emt 0:00:49] Weighted Error Value: White=0.05 (flawless) /Black=0.28 (precise)} 1-0

[Event "2nd Serbia Open Masters 2022"]
[Site "Novi Sad"]
[Date "2022.06.30"]
[Round "3.18"]
[White "Muthaiah AL"]
[Black "Ivic, Velimir"]
[Result "0-1"]
[ECO "A31"]
[WhiteElo "2401"]
[BlackElo "2623"]
[Annotator "TA"]
[PlyCount "88"]
[EventDate "2022.06.28"]
[EventType "swiss"]
[EventCountry "SRB"]
[SourceTitle "playchess.com"]
[Source "ChessBase"]
[SourceQuality "1"]
[TimeControl "40/5400+30:900+30"]

1. d4 Nf6 2. c4 g6 3. g3 c5 4. Nf3 cxd4 5. Nxd4 Nc6 6. Bg2 Bg7 7. O-O {[%emt 0:00:57] The main line 7.0-0 scores better than 7.Nc3.} h5 {[%emt 0:01:12] A31: Symmetrical English: 2 Nf3 Nf6 3 d4.} 8. h4 Ng4 9. Nxc6 (9. e3 {feels hotter.} d5 10. Bxd5 O-O 11. Nc3) 9... bxc6 {[%emt 0:00:24] The position is equal.} 10. Qc2 {[%emt 0:02:19] [#]} O-O $146 ({Predecessor:} 10... Qb6 11. c5 Qb4 12. a3 Qb5 13. Ra2 a5 14. a4 Qb7 15. Na3 Qa7 16. b3 O-O {0-1 (46) Batchelor,P (2312)-Altschuler,J (2060) England 2015}) 11. Nc3 Bb7 12. Bg5 d6 13. Rad1 Qc7 14. b3 Rab8 15. e4 Rfe8 16. Rfe1 Bc8 17. Na4 Ne5 18. c5 Bg4 19. cxd6 exd6 20. Rc1 Rbc8 21. Re3 Qa5 22. Bf4 d5 (22... c5 $5 23. Bxe5 Bxe5 $15) 23. Nc5 Qa3 (23... Bf8 $11) 24. b4 (24. exd5 cxd5 25. b4 (25. Bxd5 Bf5 $17) 25... Qxb4 26. Bxd5 Qd4 $15) (24. f3 $142) 24... Qxb4 $16 {[%emt 0:00:48] [#]} 25. Rb3 $1 Qa5 26. Nb7 {[%emt 0:00:09][%mdl 64] Deflection} Qc7 27. exd5 c5 28. Qxc5 Qd7 29. Qa3 ({Stronger than} 29. Qxa7 Rxc1+ 30. Bxc1 Bh3 $17) 29... Bh3 (29... Rxc1+ $16 30. Qxc1 Rc8) 30. Rxc8 $2 (30. Nc5 $18 Qf5 31. Be4 (31. Qxa7 Ra8 $14)) 30... Rxc8 $11 31. Nd6 Bxg2 $1 32. Kxg2 Rd8 $36 {[%emt 0:00:10][%mdl 2048] Black has some pressure.} 33. Re3 Ng4 34. Rb3 {[%emt 0:00:43] Rb7 is the strong threat.} Be5 35. Bxe5 Nxe5 36. Ne4 {[%emt 0:00:18] aiming for Nf6+.} (36. Re3 $2 Ng4 37. Ne4 Nxe3+ 38. Qxe3 Qxd5 $19) 36... Qxd5 37. f3 {[%emt 0:00:14] Threatens to win with Nf6+.} Qd1 {[%emt 0:02:09] Strongly threatening ...Qe2+.} 38. Qb2 {[%emt 0:01:04] Prevents Qe2+.} (38. Qxa7 $11 {keeps the balance.} Nd3 39. Qe3) 38... Nd3 $17 {[%emt 0:01:20] Black is more active.} 39. Nf6+ $2 (39. Qc3 {is a better chance.}) 39... Kh8 $19 40. Rxd3 Qxd3 (40... Rxd3 41. Ne4+ Rd4 42. Qb8+ Rd8 43. Qe5+ Kh7 44. Nf6+ Kh6 45. Qg5+ Kg7 46. Nxh5+ Kg8 47. Nf6+ Kf8 48. Ne4 $17) 41. Ne4+ Qd4 42. Qb7 Kg7 43. Qe7 (43. Qc7 $142) 43... Qb2+ 44. Kh3 {[%emt 0:00:16] [#]} (44. Nf2 $19 Rd1 45. a3) 44... Rd1 {[%emt 0:00:24] Weighted Error Value: White=0.56/Black=0.23 (precise)} 0-1

[Event "2nd Serbia Open Masters 2022"]
[Site "Novi Sad"]
[Date "2022.06.30"]
[Round "3.19"]
[White "Indjic, Aleksandar"]
[Black "Harikrishnan.A.Ra"]
[Result "0-1"]
[ECO "D46"]
[WhiteElo "2621"]
[BlackElo "2396"]
[Annotator "TA"]
[PlyCount "56"]
[EventDate "2022.06.28"]
[EventType "swiss"]
[EventCountry "SRB"]
[SourceTitle "playchess.com"]
[Source "ChessBase"]
[SourceQuality "1"]
[TimeControl "40/5400+30:900+30"]

1. d4 d5 2. Nf3 Nf6 3. c4 c6 4. Nc3 e6 5. e3 Nbd7 6. Qc2 Bd6 7. Bd3 O-O 8. O-O dxc4 9. Bxc4 b5 10. Bd3 Bb7 11. a4 {[%emt 0:04:08] D46: Semi-Slav: 5 e3 Nbd7 6 Bd3, Black avoids the Meran.} (11. e4 $11 e5 12. Rd1) 11... b4 $15 12. Ne4 Nxe4 13. Bxe4 {[%emt 0:00:07] Black is slightly better.} f5 14. Bd3 ({But not} 14. Bxc6 $2 Rc8 15. Qb3 Rxc6 $19) 14... c5 {[%emt 0:00:59] Hoping for ...Bxf3.} 15. e4 ({White should try} 15. Qe2 $15) 15... cxd4 $17 {[%emt 0:05:28] [#]} 16. Nxd4 $146 ({Predecessor:} 16. Bg5 Qe8 17. Nxd4 Qh5 18. h4 Rfc8 19. Qd1 Qxd1 20. Raxd1 fxe4 21. Bb5 Nc5 22. Nxe6 {1-0 (43) Mascaro March,P (2376)-Gelas,C (2304) Badalona 2019}) 16... Nc5 $36 {[%emt 0:07:51][%cal Od6h2][%mdl 2048] aiming for ...Bxh2+! Black is really pushing.} ({Resist} 16... Qh4 17. g3 Qf6 18. Nxe6 $1 $16) 17. exf5 $2 {[%emt 0:14:37][%mdl 8192] [#]} (17. Be3 $17) 17... Bxh2+ $1 $19 {[%emt 0:27:00][%mdl 576] Discovered Attack} 18. Kxh2 Qxd4 19. Be2 Rxf5 {[%emt 0:01:04] Strongly threatening ...Qh4+.} ({Not} 19... b3 20. Qc4 Qe5+ 21. Bf4 Qxf5 22. Bd6 $17) 20. Be3 $2 {[%emt 0:00:30] [#]} (20. Kg1 Qd5 21. f3) 20... Qd5 $1 21. Bf3 {[%emt 0:02:54] [#]} Rh5+ $1 {[%emt 0:03:04][%mdl 512] Black mates.} 22. Kg3 Qe5+ 23. Kg4 Ne4 24. Bxe4 Bxe4 25. Qxe4 Qxe4+ 26. Kxh5 g6+ 27. Kg5 Kg7 28. Rh1 Rd8 {[%emt 0:01:45] White got outplayed after the opening.  Weighted Error Value: White=0.85/Black=0.05 (flawless)} 0-1

[Event "2nd Serbia Open Masters 2022"]
[Site "Novi Sad"]
[Date "2022.06.30"]
[Round "3.20"]
[White "Aryan Chopra"]
[Black "Damjanovic, Vuk"]
[Result "1-0"]
[ECO "C11"]
[WhiteElo "2609"]
[BlackElo "2393"]
[Annotator "TA"]
[PlyCount "97"]
[EventDate "2022.06.28"]
[EventType "swiss"]
[EventCountry "SRB"]
[SourceTitle "playchess.com"]
[Source "ChessBase"]
[SourceQuality "1"]
[TimeControl "40/5400+30:900+30"]

1. e4 e6 2. d4 d5 3. Nc3 Nf6 4. e5 Nfd7 5. f4 c5 6. Nf3 Nc6 7. Be3 cxd4 8. Nxd4 Bc5 9. Qd2 Bxd4 10. Bxd4 Nxd4 11. Qxd4 Qb6 12. Nb5 Qxd4 13. Nxd4 g5 {[%emt 0:00:21] C11: French: Classical System: 4 e5 and 4 Bg5 dxe4.} 14. g3 Ke7 15. Kd2 Rg8 {[%emt 0:05:56] White is slightly better.} 16. Bd3 {[%emt 0:02:30] [#]} gxf4 $146 ({Predecessor:} 16... h6 17. h3 Nc5 18. Raf1 Bd7 19. f5 exf5 20. Nxf5+ Bxf5 21. Bxf5 Rgf8 22. h4 Rg8 {1-0 (38) Grechihin,V-Zhitnikov,S Smolensk 1992}) 17. gxf4 {[%emt 0:00:06] Strongly threatening Rhg1.} Rg4 18. Ke3 f6 19. Rag1 Rxg1 20. exf6+ Nxf6 21. Rxg1 Bd7 22. Nf3 Rf8 23. Ne5 Kd6 24. Rg7 h5 (24... Bc6 $142) 25. Be2 Bc6 26. c3 a5 27. h4 Kc5 28. Bf1 ({Better is} 28. a3) 28... Kd6 $16 29. Bh3 {[%emt 0:00:00] Threatens to win with Nf7+.} Bd7 30. a3 a4 31. Kd4 Bc8 32. Ke3 {[%emt 0:00:00] White is much more active.} Bd7 33. Bg2 Rg8 (33... b6 $142) 34. Rxg8 Nxg8 35. Nxd7 Kxd7 {[%emt 0:00:02][%mdl 4096] Endgame KB-KN} 36. f5 Ne7 {[%emt 0:01:23] [#]} 37. fxe6+ Kxe6 38. Kf4 Kf6 39. Bf3 b6 $2 {[%emt 0:01:12][%mdl 8192] This move loses the game for Black.} (39... Nf5 $16 {is a better chance.} 40. Bxh5 (40. Bxd5 Nxh4 41. Bxb7 Ng6+ 42. Ke3 Ne5 $16) 40... Nxh4) 40. Bxh5 $18 Nf5 41. Bf3 {[%emt 0:03:07] [#] aiming for h5.} Nxh4 42. Bxd5 Ng6+ 43. Ke4 Ne5 (43... Ne7 $142 44. c4 Nf5) 44. Ba2 Nd7 45. Kd5 (45. Bc4 $142 Kg5 46. Kd5 Nc5 47. Kc6 Kf6 48. Bb5 Ke6 49. Kxb6 Kd5 50. Ka5) 45... Ke7 46. Bc4 {[%emt 0:01:36] Intending Bb5 and mate.} Kd8 47. Bb5 {[%emt 0:00:37] Threatening mate with Bxd7.} Kc7 48. Bxd7 Kxd7 49. Kc4 {[%emt 0:00:07] Weighted Error Value: White=0.11 (very precise) /Black=0.69} 1-0

[Event "2nd Serbia Open Masters 2022"]
[Site "Novi Sad"]
[Date "2022.06.30"]
[Round "3.21"]
[White "Kadric, Denis"]
[Black "Beydullayeva, Govhar"]
[Result "1-0"]
[ECO "C54"]
[WhiteElo "2576"]
[BlackElo "2384"]
[Annotator "TA"]
[PlyCount "69"]
[EventDate "2022.06.28"]
[EventType "swiss"]
[EventCountry "SRB"]
[SourceTitle "playchess.com"]
[Source "ChessBase"]
[SourceQuality "1"]
[TimeControl "40/5400+30:900+30"]

1. e4 e5 2. Nf3 Nc6 3. Bc4 Bc5 4. O-O Nf6 5. d3 d6 6. c3 a5 {[%emt 0:00:16] C54: Giuoco Piano: 4 c3 Nf6, main lines with 5 d4 and 5 d3.} 7. Re1 O-O 8. h3 Be6 {[%emt 0:00:10] The position is equal.} 9. Bb5 Ba7 {[%emt 0:00:10] [#]} 10. Ba4 $146 ({Predecessor:} 10. Nbd2 Ne7 11. d4 Ng6 12. Ba4 Nh5 13. Nf1 Nhf4 14. Ng3 c6 15. Bc2 Qd7 16. Nf5 {1-0 (34) Dominguez Perez,L (2752)-So,W (2772) Berlin 2022}) 10... Ne7 11. d4 Ng6 12. Bc2 h6 13. Be3 c6 14. Nbd2 Re8 15. Nf1 Qc7 16. Ng3 b5 17. Qd2 a4 18. Nf5 Bxf5 19. exf5 Nf8 20. Bxh6 $1 gxh6 (20... N8h7 $16) 21. Qxh6 $18 (21. dxe5 dxe5 22. Qxh6 N8h7 $15) 21... N8d7 22. g4 {[%emt 0:16:05][%cal Bg2g4,Bg4g5][%mdl 32] Hoping for g5. The board is on fire.} exd4 $2 {[%emt 0:10:41] [#]} (22... d5) 23. g5 $1 Rxe1+ 24. Rxe1 Qd8 25. Kh1 Qf8 {[%emt 0:07:09] [#] And now ...Qxh6 would win.} 26. Qh4 (26. Qxf8+ Kxf8 27. cxd4 (27. gxf6 $2 dxc3 28. bxc3 Bxf2 $17) 27... Nh5 $15) 26... Qg7 27. gxf6 Qxf6 28. Ng5 Qh8 29. Qg3 {[%emt 0:00:42] Threatening mate with Ne6+.} Qg7 30. Qxd6 (30. Re7 $142 dxc3 31. Rxf7) 30... d3 {[%emt 0:01:19] [#]} 31. Bxd3 $1 Bxf2 32. Re2 (32. Qxd7 Bxe1 33. Ne4 Qh6 $19) (32. Qxc6 Rd8 33. Nxf7 Kxf7 34. Bxb5 (34. Rf1 Ne5 $17) 34... Bxe1 $11) 32... Qxg5 33. Rxf2 Qc1+ $2 (33... Qf6 $16 34. Rg2+ (34. Qxd7 Rd8 $11) 34... Kh8) 34. Kh2 Kh8 35. Qxd7 {[%emt 0:02:25] Weighted Error Value: White=0.17 (very precise) /Black=0.23 (precise)} 1-0

[Event "2nd Serbia Open Masters 2022"]
[Site "Novi Sad"]
[Date "2022.06.30"]
[Round "3.22"]
[White "Basso, Pier Luigi"]
[Black "Narva, Mai"]
[Result "0-1"]
[ECO "E10"]
[WhiteElo "2570"]
[BlackElo "2385"]
[Annotator "TA"]
[PlyCount "98"]
[EventDate "2022.06.28"]
[EventType "swiss"]
[EventCountry "SRB"]
[SourceTitle "playchess.com"]
[Source "ChessBase"]
[SourceQuality "1"]
[TimeControl "40/5400+30:900+30"]

1. d4 Nf6 2. c4 e6 3. Nf3 c5 4. d5 b5 5. e4 Nxe4 6. Bd3 {[%emt 0:00:18] E10: Blumenfeld Gambit.} Nf6 7. O-O {[%emt 0:04:43] 7.Nc3 might become the main line.} (7. cxb5 Nxd5 8. Be4 Bb7 $17) 7... bxc4 8. Bxc4 {[%emt 0:04:25] The position is equal.} Ba6 9. Bxa6 Nxa6 10. Nc3 Qc8 11. dxe6 fxe6 12. Bg5 (12. Ne5 {seems wilder.} Be7 13. Bg5 Qb7 14. Bxf6 Bxf6 15. Ne4) 12... Be7 13. Ne5 O-O {[%emt 0:08:08] [#]} 14. Nxd7 {[%emt 0:05:14][%mdl 64] Pin} Rd8 15. Nxf6+ gxf6 16. Bd2 Nb4 {[%emt 0:04:59] [#]} 17. Qe2 $146 ({Predecessor:} 17. Qg4+ Kh8 18. Rad1 Nd3 19. Bh6 Rg8 20. Qe4 c4 21. b3 Rg6 22. Be3 Ne5 23. Bd4 {0-1 (32) Beradze,I (2466)-Paravyan,D (2531) Batumi 2017}) 17... Kh8 (17... Qa6 {feels hotter.} 18. Qf3 Nc2 19. Bh6 Kh8) 18. Bh6 Nc6 19. Rad1 (19. Qg4 Rg8 20. Qh5 Qb7 $15) 19... Nd4 20. Qe4 (20. Qg4 Rg8 21. Qe4 Rb8 $15) 20... Qc7 21. Rfe1 ({But not} 21. Qg4 Rg8 22. Qe4 f5 $15) 21... Bd6 22. Qh4 Qf7 23. Be3 Be5 24. Qh3 Rab8 25. Bc1 Qg6 26. f4 Bc7 27. Kh1 Ba5 28. Rf1 Bxc3 29. Qxc3 Rd5 30. Qd3 (30. Rde1 $11) 30... Nf5 ({Black should play} 30... Qxd3 $15 31. Rxd3 Ne2) 31. Qh3 Rbd8 32. Rxd5 Rxd5 $40 {[%emt 0:00:25][%mdl 128] Black mounts an attack.} 33. b3 Kg7 34. g4 Nd6 35. f5 Qf7 36. Bb2 Rd2 37. Bc3 Rc2 (37... Rxa2 $11 38. fxe6 Qxe6 39. Rxf6 Qd5+ 40. Kg1 Kg8) 38. Qd3 $2 {[%emt 0:00:38][%mdl 8192] White does not recover from this.} (38. fxe6 $14 Qxe6 39. Bxf6+ (39. Rxf6 Qd5+ 40. Kg1 Kg8 $16) 39... Kg8 40. Qf3) 38... Qb7+ $19 39. Qf3 Rxc3 $1 40. Qxb7+ Nxb7 {[%emt 0:00:00][%mdl 4096] Endgame KRN-KR} 41. Rd1 Na5 {[%emt 0:03:56] [#] ...exf5 is the strong threat.} 42. Rd7+ Kh6 ({Not} 42... Kf8 $2 43. fxe6 Rc1+ 44. Kg2) 43. fxe6 Re3 44. e7 Nc6 45. Rd6 (45. h4 $142) 45... Nxe7 46. Rxf6+ Kg5 {[%emt 0:00:46] Black is clearly winning.} 47. Ra6 Kxg4 48. Kg2 Re2+ 49. Kg1 Nf5 {[%emt 0:02:20] Weighted Error Value: White=0.44/Black=0.08 (flawless)} 0-1

[Event "2nd Serbia Open Masters 2022"]
[Site "Novi Sad"]
[Date "2022.06.30"]
[Round "3.23"]
[White "Pasti, Aron"]
[Black "Ivanisevic, Ivan"]
[Result "1/2-1/2"]
[ECO "C88"]
[WhiteElo "2380"]
[BlackElo "2550"]
[Annotator "TA"]
[PlyCount "93"]
[EventDate "2022.06.28"]
[EventType "swiss"]
[EventCountry "SRB"]
[SourceTitle "playchess.com"]
[Source "ChessBase"]
[SourceQuality "1"]
[TimeControl "40/5400+30:900+30"]

1. e4 e5 2. Nf3 Nc6 3. Bb5 a6 4. Ba4 Nf6 5. O-O Be7 6. Re1 b5 7. Bb3 O-O 8. a4 {[%emt 0:00:04][%cal Ba2a4,Ba4b5][%mdl 32] Strongly threatening axb5.} Na5 {[%emt 0:00:04] C88: Closed Ruy Lopez: Anti-Marshall Systems.} 9. axb5 {[%emt 0:00:46] has lost popularity (9.Ba2).} Nxb3 10. cxb3 Bb7 {[%emt 0:00:11] White has an edge.} 11. bxa6 $1 Bxe4 12. Nc3 Bb7 13. Nxe5 {[%emt 0:04:32] And now Qe2 would win.} ({Worse is} 13. axb7 Rxa1 14. Rxe5 Bd6 $17) (13. Qe2 $5 ) 13... Bxa6 {[%emt 0:00:39] A strong pair of Bishops.} 14. d4 {[%emt 0:00:49] [#]} Re8 $146 ({Predecessor:} 14... Bb7 15. Rxa8 Bxa8 16. Bg5 d6 17. Ng4 Nd5 18. Bxe7 Nxe7 19. f3 Ng6 20. b4 Qb8 {½-½ (35) Palac,M (2571)-Halkias,S (2555) Warsaw 2013}) 15. Bg5 Bb7 {[%emt 0:04:52] Inhibits Qf3.} 16. Rxa8 Bxa8 17. b4 d6 18. Nd3 h6 19. Bh4 g5 20. Bg3 Bf8 21. b5 Nd5 {[%emt 0:05:04] Inhibits Nb4.} 22. h4 Rxe1+ {[%emt 0:03:52] The position is equal.} 23. Nxe1 Qe8 24. hxg5 hxg5 25. Qe2 Qxe2 26. Nxe2 Bg7 27. Nc2 f5 28. f3 Kf7 29. Be1 Ke6 30. Kf2 Bb7 31. Ba5 Bf6 32. g3 Bd8 33. Ne3 Nxe3 34. Kxe3 $11 {[%emt 0:00:04][%mdl 4096] Endgame KBB-KBN} Bd5 35. f4 g4 36. Kd3 Bg2 37. Ke3 Kd7 38. Nc3 Kc8 39. Kf2 Bf3 40. Ke3 Kb7 41. Nb1 Bd1 42. Kd3 Bf6 43. Nd2 Ba4 44. Kc4 {[%emt 0:00:30] [#] aiming for b3.} Bd1 45. Kd3 Ba4 46. Kc4 {[%emt 0:00:05] Threatens to win with b3.} Bd1 47. Kd3 {[%emt 0:00:04] Weighted Error Value: White=0.04 (flawless) /Black=0.03 (flawless)} 1/2-1/2

[Event "2nd Serbia Open Masters 2022"]
[Site "Novi Sad"]
[Date "2022.06.30"]
[Round "3.24"]
[White "Harsha Bharathakoti"]
[Black "Maltsevskaya, Aleksandra"]
[Result "1-0"]
[ECO "E06"]
[WhiteElo "2547"]
[BlackElo "2396"]
[Annotator "TA"]
[PlyCount "47"]
[EventDate "2022.06.28"]
[EventType "swiss"]
[EventCountry "SRB"]
[SourceTitle "playchess.com"]
[Source "ChessBase"]
[SourceQuality "1"]
[TimeControl "40/5400+30:900+30"]

1. d4 Nf6 2. c4 e6 3. g3 d5 4. Bg2 dxc4 5. Nf3 Be7 6. Nc3 O-O 7. Ne5 Nc6 8. Bxc6 {[%emt 0:01:47] E06: Closed Catalan: Early deviations.} bxc6 9. Nxc6 {[%emt 0:00:28] Pair of Knights!} Qe8 10. Nxe7+ {[%emt 0:00:04] White is slightly better.} Qxe7 11. Qa4 e5 (11... c5 $11 12. dxc5 Qxc5) 12. dxe5 $16 Qxe5 13. Qxc4 Qh5 14. f3 ({Of course not} 14. Qxc7 $6 Bh3 $14) 14... Be6 15. Qf4 Rfe8 16. O-O Nd5 17. Nxd5 {[%emt 0:00:15] [#]} Qxd5 $146 ({Predecessor:} 17... Bxd5 18. e4 Bc4 19. Rf2 c6 20. Be3 a5 21. Rc2 Qb5 22. b3 Be6 23. Rc5 Qe2 {1-0 (31) Kardashevskiy,E (2382)-Jaeel,A (2145) Moscow 2019}) 18. Bd2 ({Not} 18. Qxc7 $2 Bh3 19. Qc2 (19. Re1 $2 Rxe2 20. Rxe2 Qd1+ 21. Kf2 Qf1+ 22. Ke3 Re8+ 23. Kd4 Qxe2 $19) 19... Bxf1 20. Kxf1 Rad8 $19) 18... Rad8 {[%emt 0:22:59] [#]} 19. Bc3 Bh3 {[%emt 0:00:25] [#]} 20. Rfe1 Qc5+ 21. e3 Re6 $2 (21... Rd3 $16) 22. Qh4 $1 $18 {[%emt 0:03:27][%csl LRd8,LRh3] White is clearly winning.} f6 23. Qxh3 Rxe3 24. Kg2 {[%emt 0:01:39] Weighted Error Value: White=0.04 (flawless) /Black=0.66} 1-0

[Event "2nd Serbia Open Masters 2022"]
[Site "Novi Sad"]
[Date "2022.06.30"]
[Round "3.25"]
[White "Petkov, Momchil"]
[Black "Savanovic, Aleksandar"]
[Result "1-0"]
[ECO "C54"]
[WhiteElo "2494"]
[BlackElo "2366"]
[Annotator "TA"]
[PlyCount "71"]
[EventDate "2022.06.28"]
[EventType "swiss"]
[EventCountry "SRB"]
[SourceTitle "playchess.com"]
[Source "ChessBase"]
[SourceQuality "1"]
[TimeControl "40/5400+30:900+30"]

1. e4 e5 2. Nf3 Nc6 3. Bc4 Nf6 4. d3 Bc5 5. O-O d6 6. c3 a6 7. Re1 {[%emt 0:00:33] C54: Giuoco Piano: 4 c3 Nf6, main lines with 5 d4 and 5 d3.} Ba7 8. Nbd2 O-O 9. Nf1 {[%emt 0:00:22] The position is equal.} Na5 10. Bb3 Nxb3 11. axb3 h6 {[%emt 0:09:40] 11...h6 is setting a new trend.} 12. Ng3 Re8 13. h3 {[%emt 0:01:05] [#]} d5 $146 ({Predecessor:} 13... Bd7 14. d4 Bc6 15. Qc2 Qe7 16. d5 Bd7 17. b4 c6 18. dxc6 Bxc6 19. c4 Qe6 {1-0 (55) Giri,A (2772)-Santos Latasa,J (2639) Warsaw 2021}) 14. exd5 Qxd5 15. c4 Qd6 16. Be3 c5 17. Nh4 Bd7 ({Black should try} 17... Bb8 $11) 18. Nhf5 (18. Qf3 $5 ) 18... Qc6 19. Qd2 Bxf5 20. Nxf5 Re6 {[%emt 0:03:03] [#]} (20... Qd7 $11 21. g4 h5) 21. Bxh6 $1 $40 {[%emt 0:11:11][%mdl 128] Black is in trouble.} gxh6 (21... g6 $16) 22. Qxh6 $18 Ne8 {[%emt 0:00:10] Prevents Qg7+.} 23. Qg5+ Kf8 (23... Rg6 {was necessary.}) 24. Qh5 Rg6 {[%emt 0:02:49][%csl Gg6][%cal Rc6g2] [#]} 25. Qh8+ $1 Rg8 {[%emt 0:00:18] [#]} 26. Qxg8+ {[%emt 0:00:06][%mdl 576] Deflection, Decoy} Kxg8 27. Ne7+ Kf8 28. Nxc6 {[%emt 0:00:07] White is clearly winning.} bxc6 29. Rxa6 Nc7 30. Rxc6 Bb8 31. Rxc5 Ra2 32. Rb1 Na6 33. Rc8+ Ke7 34. h4 Ba7 35. h5 Kf6 36. Rg8 {[%emt 0:00:07] Weighted Error Value: White=0.03 (flawless) /Black=0.40} 1-0

[Event "2nd Serbia Open Masters 2022"]
[Site "Novi Sad"]
[Date "2022.06.30"]
[Round "3.26"]
[White "Kovacevic, Aleksandar"]
[Black "Pap, Misa"]
[Result "1/2-1/2"]
[ECO "B51"]
[WhiteElo "2503"]
[BlackElo "2375"]
[Annotator "TA"]
[PlyCount "89"]
[EventDate "2022.06.28"]
[EventType "swiss"]
[EventCountry "SRB"]
[SourceTitle "playchess.com"]
[Source "ChessBase"]
[SourceQuality "1"]
[TimeControl "40/5400+30:900+30"]

1. e4 c5 2. Nf3 Nc6 3. Bb5 d6 4. O-O Bd7 5. Re1 Nf6 6. c3 a6 7. Bf1 Bg4 8. d4 cxd4 9. cxd4 e5 {[%emt 0:00:07] B51: Sicilian: Moscow Variation (3 Bb5+) without 3...Bd7.} 10. d5 Nd4 11. Be3 Nxf3+ 12. gxf3 Bd7 13. Nd2 Be7 14. Nc4 $1 O-O 15. Nb6 Rb8 {[%emt 0:00:13] [#]} 16. Qc2 $146 ({Predecessor:} 16. Rc1 Nh5 17. Qc2 Bg5 18. Qc7 Bxe3 19. fxe3 Qg5+ 20. Kh1 Bb5 21. Bg2 Qh4 22. a4 {½-½ (47) Golubov,S (2362)-Kryakvin,D (2544) Moscow 2015}) 16... Ne8 17. Rac1 Bg5 {[%emt 0:04:12] [#] And now ...Bxe3 would win.} 18. Nxd7 Bxe3 19. Nxb8 (19. Rxe3 $6 Qxd7 20. Rc3 Nf6 $11) 19... Bxc1 20. Rxc1 {[%emt 0:04:45] Qc8 is the strong threat.} Qxb8 {[%emt 0:00:23] [#]} 21. Qc8 $1 {[%emt 0:01:57] Prevents Qd8.} Nf6 22. Qxb8 {[%emt 0:06:11] White is much more active.} Rxb8 $16 {[%emt 0:02:06][%mdl 4096] Endgame KRB-KRN} 23. b4 Kf8 24. Bh3 b6 25. Rc6 Ke7 26. Rc7+ Kf8 27. Bd7 a5 28. b5 $1 Nh5 29. Kf1 Nf4 30. Ke1 Nd3+ 31. Kd2 Nc5 32. Bh3 (32. h4 $16) 32... g6 (32... h5 $1 $11) 33. Ke3 $14 g5 34. Bg4 h6 35. Bh5 Rb7 36. Rc8+ Ke7 $1 37. Rh8 Rc7 38. Rh7 $1 ({Much weaker is} 38. Rxh6 Nb7 $11) 38... Kf8 39. Rxh6 Ke7 40. Rh7 Kf8 ({Black should try} 40... Kf6 $11) 41. Rh8+ $1 Ke7 $1 42. Rh7 (42. Kd2 $1 $14) 42... Kf8 $11 43. Rh6 Ke7 44. Rh7 Kf8 45. Rh6 {[%emt 0:04:30] Weighted Error Value: White=0.06 (flawless) /Black=0.11 (very precise)} 1/2-1/2